 Dungeon Crawl Stone Soup version 0.29.0-13-gc9e81de378 (webtiles) character file.

Game seed: 9861474639837577506

60 sanka the Changer (level 3, -3/27 HPs)
             Began as a Palentonga Transmuter on Sept 9, 2022.
             Was a Follower of the Shining One.
             Slain by Ijyb
             ... wielding a +0 club
              (7 damage)
             ... on level 3 of the Dungeon.
             The game lasted 00:03:20 (2072 turns).

sanka the Changer (Palentonga Transmuter)           Turns: 2072, Time: 00:03:21

Health: -3/27      AC:  2    Str: 15    XL:     3   Next: 80%
Magic:  3/6        EV: 18    Int: 15    God:    the Shining One [*.....]
Gold:   98         SH:  0    Dex: 15    Spells: 0/6 levels left

rFire   . . .      SeeInvis +     - Unarmed
rCold   . . .      Faith    .   (shield currently unavailable)
rNeg    . . .      Spirit   .   (body armour currently unavailable)
rPois   x          Reflect  .   (helmet currently unavailable)
rElec   .          Harm     .   (cloak currently unavailable)
rCorr   .          Rampage  .   (gloves currently unavailable)
Will    .....                   (no barding)
Stlth   +.........              (no amulet)
HPRegen 0.09/turn               (no ring)
MPRegen 0.10/turn               (no ring)

@: spider-form, glowing
A: venomous fangs, tiny, rugged brown scales 3, see invisible, (deformed body),
(roll 1), (armoured tail)
a: End Transformation, Renounce Religion, Divine Shield


You were on level 3 of the Dungeon.
You worshipped the Shining One.
The Shining One was aware of your devotion.
You were a venomous arachnid creature.
You visited 1 branch of the dungeon, and saw 3 of its levels.

You collected 98 gold pieces.


Innate Abilities, Weirdness & Mutations

You are a venomous arachnid creature.
You have poisonous fangs.
You are tiny and dextrous.
Your spellcasting is less reliable in this form.
Your armour is entirely melded.
You are incapable of wielding weapons or throwing items.
(You are completely covered in rugged brown scales. (AC +3, +7% HP))
You have supernaturally acute eyesight. (SInv)
((Armour fits poorly on your strangely shaped body.))
((You can roll at nearby foes to attack.))
((You have a long armoured tail.))


   Skills:
 - Level 1.0 Fighting
 - Level 1.5 Dodging
 - Level 3.0 Unarmed Combat
 - Level 2.0 Spellcasting
 + Level 3.2 Transmutations
 + Level 1.9 Poison Magic


You couldn't memorise any spells.
You knew the following spells:

 Your Spells              Type           Power      Damage    Failure   Level
x - Spider Form           Tmut/Pois      9%         N/A       43%         3
y - Wereblood             Tmut           11%        N/A       22%         2
z - Beastly Appendage     Tmut           22%        N/A       17%         1

Your spell library contained the following spells:

 Spells                   Type           Power      Damage    Failure   Level
 Ice Form                 Ice/Tmut       6%         N/A       89%         4
 Summon Ice Beast         Ice/Summ       1%         N/A       98%         4
 Summon Mana Viper        Hex/Summ       1%         N/A       100%        5
 Monstrous Menagerie      Summ           0%         N/A       100%        7

Inventory:

Missiles
 e - a throwing net {=f}
 l - 3 curare-tipped darts {=f}
Armour
 a - a +0 robe (melded)
Jewellery
 k - a ring of ice
Scrolls
 d - a scroll of noise {unknown}
 f - a scroll of summoning {unknown}
 j - a scroll of amnesia {unknown}
 m - 2 scrolls of identify {unknown}
 n - 2 scrolls of teleportation {unknown}
 o - a scroll of vulnerability {unknown}
Potions
 b - 2 potions of lignification {!q}
 c - a potion of berserk rage {unknown}
 g - 2 potions of resistance {unknown}
 h - 6 potions of degeneration {unknown}
 i - 2 potions of attraction {unknown}
 p - a potion of might {unknown}

Dungeon Overview and Level Annotations

Branches:
Dungeon (3/15)

Altars:
The Shining One

Shops:
D:1 ((*   D:2 [

Annotations:
D:3 Ijyb

.▒▒▒▒▒...
.......
..^.....
▒...... ▒.▒...
▒▒.▒..▒
♣♣▒▒...g.▒
♣♣.....▒s▒
♣♣......▒.▒▒
♣.......)..▒
♣.........▒
♣♣♣▒▒.....▒▒▒▒▒
▒..........
▒...<.▒▒▒▒
▒▒▒<.▒▒ ▒..▒


You could see Ijyb (extremely poisoned).


Message History

a +0 club; a frilled lizard corpse; a kobold corpse You hit Ijyb but do no damage.
Ijyb is poisoned.
Ijyb zaps a wand.
The puff of flame hits you!
* * * LOW HITPOINT WARNING * * *
You hit Ijyb.
Ijyb looks as sick as possible!
Ijyb is lightly wounded.
Ijyb hits you with a +0 club.
* * * LOW HITPOINT WARNING * * *
You hit Ijyb but do no damage.
Ijyb looks as sick as possible!
Ijyb is lightly wounded.
Ijyb zaps a wand.
The puff of flame misses you.
You hit Ijyb.
Ijyb looks as sick as possible!
Ijyb is heavily wounded.
Ijyb completely misses you.
You hit Ijyb.
Ijyb looks as sick as possible!
Ijyb is heavily wounded.
Ijyb zaps a wand.
The puff of flame hits you!
* * * LOW HITPOINT WARNING * * *
You hit Ijyb.
Ijyb is severely wounded.
Ijyb hits you with a +0 club!
You die...

Action                   || total
-------------------------++-------
Melee: Unarmed           ||    79
       Kick              ||    14
       Headbutt          ||     4
       Punch             ||     4
       Tailslap          ||     4
 Cast: Beastly Appendage ||    29
       Spider Form       ||     1
Armor: Robe              ||    29
Dodge: Dodged            ||    39

Levels and vault maps discovered:
D:1:      eino_arrival_cavern_b, layout_basic,
          hellmonk_ecumenical_altar_arch_garden, serial_shops, shop, shop,
          nicolae_shop_crystal, chequers_serial_rivers_small_b,
          corexii_item_surrounded_by_moat
D:2:      layout_loops_ring, serial_shops, shop
D:3:      layout_loops_ring, mainiacjoe_overflow_alcove_4, serial_shops, shop,
          ebering_ghost_rock_garden, uniq_robin, uniq_ijyb,
          uniq_crazy_yiuf_cottage

Notes
Turn   | Place    | Note
-------+----------+-------------------------------------------
     0 | D:1      | sanka the Palentonga Transmuter began the quest for the
                  | Orb.
     0 | D:1      | Reached XP level 1. HP: 16/16 MP: 3/3
   428 | D:1      | Found Jegg's Antique Weapon Boutique.
   580 | D:1      | Found a faded altar of an unknown god.
   608 | D:1      | Reached XP level 2. HP: 22/22 MP: 3/5
   660 | D:1      | Found Fubesh's Weapon Boutique.
   711 | D:1      | Reached skill level 1 in Poison Magic
   829 | D:1      | Learned a level 2 spell: Wereblood
  1176 | D:1      | Found Zibb's Assorted Antiques.
  1227 | D:1      | Prayed at the altar of an unknown god.
  1227 | D:1      | Became a worshipper of the Shining One
  1227 | D:1      | Reached * piety under the Shining One
  1395 | D:2      | Reached XP level 3. HP: 27/27 MP: 4/6
  1492 | D:2      | Reached skill level 3 in Transmutations
  1526 | D:2      | Found Ygoalit's Armour Boutique.
  2052 | D:3      | Learned a level 3 spell: Spider Form
  2061 | D:3      | Noticed Ijyb
  2072 | D:3      | Slain by Ijyb

Vanquished Creatures
  2 adders (D:2)
  2 dart slugs
  7 ball pythons
  3 endoplasms (D:2)
  2 giant cockroaches
  2 hobgoblins
  3 quokkas
  5 bats
  3 frilled lizards
  5 goblins
  2 kobolds
  A rat (D:1)
37 creatures vanquished.
